[Event "European Online Club-ch-B 2021"]
[Site "Online"]
[Date "2021.03.27"]
[Round "5.15"]
[White "Villegas, Pierre"]
[Black "Adrian, Leopold"]
[Result "1-0"]
[ECO "A59"]
[WhiteElo "2367"]
[BlackElo "2009"]
[Annotator "NA"]
[PlyCount "47"]
[EventDate "2021.03.27"]
[EventType "team-tourn"]
[EventCountry "NET"]
[SourceTitle "playchess.com"]
[Source "ChessBase"]
[SourceQuality "1"]
[TimeControl "900+5"]

1. d4 Nf6 2. c4 c5 3. d5 b5 4. cxb5 a6 5. bxa6 g6 6. Nc3 Bxa6 7. e4 Bxf1 8. Kxf1 d6 9. g3 Bg7 10. Kg2 O-O 11. Nf3 Nbd7 12. a4 Qb6 13. Qe2 Ne8 14. Bg5 f6 15. Bd2 Nc7 16. Rhb1 Qb7 17. Kg1 Kh8 18. a5 f5 19. Ng5 h6 20. Nf3 Rf6 21. exf5 Nxd5 22. Qe4 Rxf5 23. Nh4 N7f6 24. Nxg6+ 1-0

[Event "European Online Club-ch-B 2021"]
[Site "Online"]
[Date "2021.03.27"]
[Round "5.16"]
[White "Venard, Paul-Andre"]
[Black "Meylan, Andre"]
[Result "0-1"]
[ECO "E46"]
[WhiteElo "2048"]
[BlackElo "2205"]
[Annotator "NA"]
[PlyCount "84"]
[EventDate "2021.03.27"]
[EventType "team-tourn"]
[EventCountry "NET"]
[SourceTitle "playchess.com"]
[Source "ChessBase"]
[SourceQuality "1"]
[TimeControl "900+5"]

1. d4 e6 2. c4 Nf6 3. Nc3 Bb4 4. e3 O-O 5. Nge2 d5 6. a3 Bd6 7. c5 Be7 8. b4 b6 9. Nf4 c6 10. Be2 Nbd7 11. O-O a5 12. Bd2 Ba6 13. Bxa6 Rxa6 14. Nd3 Qc7 15. Qe2 Rfa8 16. Rab1 axb4 17. axb4 bxc5 18. bxc5 e5 19. f3 Bf8 20. Rb3 g6 21. Rfb1 Ra1 22. Be1 Rxb1 23. Nxb1 e4 24. Nc1 Bh6 25. f4 Rb8 26. Qb2 Rxb3 27. Qxb3 g5 28. fxg5 Bxg5 29. Bg3 Qa5 30. h3 h5 31. Ne2 h4 32. Bf2 Kg7 33. Qc2 Nh5 34. Nd2 Ng3 35. Bxg3 Bxe3+ 36. Bf2 Bxd2 37. Bxh4 Be3+ 38. Kh2 f5 39. Bg3 Nf6 40. Qb2 Qd2 41. Qxd2 Bxd2 42. Be5 Kg6 0-1

[Event "European Online Club-ch-B 2021"]
[Site "Online"]
[Date "2021.03.27"]
[Round "5.17"]
[White "Demidov, Mikhail"]
[Black "Sorensen, Hampus"]
[Result "1-0"]
[ECO "A13"]
[WhiteElo "2523"]
[BlackElo "2395"]
[Annotator "ChessBase"]
[PlyCount "125"]
[EventDate "2021.03.27"]
[EventType "team-tourn"]
[EventCountry "NET"]
[SourceTitle "playchess.com"]
[Source "ChessBase"]
[SourceQuality "1"]
[TimeControl "900+5"]

1. Nf3 d5 2. g3 Nd7 3. c4 dxc4 4. Qa4 a6 5. Qxc4 b5 6. Qc2 Bb7 7. Bg2 Ngf6 8. O-O e6 9. a4 Be7 10. Na3 O-O 11. d3 Nb6 12. axb5 axb5 13. Bf4 b4 14. Bxc7 Qc8 15. Bxb6 bxa3 16. Qxc8 Rfxc8 17. bxa3 Rxa3 18. Rxa3 Bxa3 19. Ne5 Bxg2 20. Kxg2 Rc1 21. Rxc1 Bxc1 22. e4 Bb2 23. Nc4 Bc3 24. f4 Nd7 25. Ba7 Kf8 26. Kf3 Ke7 27. Be3 Bb4 28. Ke2 f5 29. Bc1 Nc5 30. Ke3 g6 31. Ne5 Ke8 32. Nc6 Bc3 33. Ba3 Nd7 34. Na7 Ba5 35. Nb5 Nf6 36. Kf3 Bb6 37. Nd6+ Kd7 38. Nf7 Bd4 39. h3 Ke8 40. Ng5 fxe4+ 41. dxe4 e5 42. f5 Bc3 43. g4 Bd2 44. Ne6 Kf7 45. Bd6 Nd7 46. Ke2 Bc1 47. Kf3 h5 48. g5 Bd2 49. Ke2 Bc1 50. h4 Bb2 51. Nd8+ Kg7 52. Be7 Bc1 53. Bd6 gxf5 54. exf5 e4 55. Ne6+ Kf7 56. Nf4 Bxf4 57. Bxf4 Nc5 58. Ke3 Nd3 59. Kxe4 Nc5+ 60. Kd5 Nd3 61. Be5 Nf2 62. g6+ Ke7 63. f6+ 1-0

[Event "European Online Club-ch-B 2021"]
[Site "Online"]
[Date "2021.03.27"]
[Round "5.18"]
[White "Agrest, Inna"]
[Black "Baltag, Iulian"]
[Result "1-0"]
[ECO "B96"]
[WhiteElo "2285"]
[BlackElo "2393"]
[Annotator "NA"]
[PlyCount "57"]
[EventDate "2021.03.27"]
[EventType "team-tourn"]
[EventCountry "NET"]
[SourceTitle "playchess.com"]
[Source "ChessBase"]
[SourceQuality "1"]
[TimeControl "900+5"]

1. e4 c5 2. Nf3 d6 3. d4 cxd4 4. Nxd4 Nf6 5. Nc3 a6 6. Bg5 Nbd7 7. Qe2 e6 8. O-O-O Qc7 9. f4 b5 10. a3 Bb7 11. Kb1 Be7 12. g4 h6 13. Bxf6 Nxf6 14. Bg2 Nd7 15. h4 Nb6 16. g5 Nc4 17. g6 Nxa3+ 18. bxa3 Qxc3 19. gxf7+ Kxf7 20. Rd3 Qc4 21. f5 Bf6 22. fxe6+ Kg8 23. e5 dxe5 24. Bxb7 Rb8 25. e7 Bxe7 26. Qg2 Rxb7 27. Qxb7 Bf6 28. Nf5 Kh7 29. Nd6 1-0

[Event "European Online Club-ch-B 2021"]
[Site "Online"]
[Date "2021.03.27"]
[Round "5.19"]
[White "Naudion, Gregoire"]
[Black "Rasti, Arvin"]
[Result "1-0"]
[ECO "E81"]
[WhiteElo "2146"]
[BlackElo "2195"]
[Annotator "NA"]
[PlyCount "43"]
[EventDate "2021.03.27"]
[EventType "team-tourn"]
[EventCountry "NET"]
[SourceTitle "playchess.com"]
[Source "ChessBase"]
[SourceQuality "1"]
[TimeControl "900+5"]

1. d4 Nf6 2. c4 c5 3. d5 e6 4. Nc3 d6 5. e4 g6 6. f3 Bg7 7. Bg5 O-O 8. Qd2 Re8 9. Nge2 Na6 10. dxe6 Bxe6 11. Nf4 Nc7 12. O-O-O Re7 13. e5 Rd7 14. exf6 Bf8 15. Nfd5 Bxd5 16. Nxd5 Ne6 17. h4 Nxg5 18. hxg5 a6 19. g3 b5 20. Rxh7 Kxh7 21. Qh2+ Kg8 22. Bd3 1-0

[Event "European Online Club-ch-B 2021"]
[Site "Online"]
[Date "2021.03.27"]
[Round "5.20"]
[White "Wengholm, Anders"]
[Black "Pillard, Valentin"]
[Result "1-0"]
[ECO "E05"]
[WhiteElo "2198"]
[BlackElo "2103"]
[Annotator "NA"]
[PlyCount "79"]
[EventDate "2021.03.27"]
[EventType "team-tourn"]
[EventCountry "NET"]
[SourceTitle "playchess.com"]
[Source "ChessBase"]
[SourceQuality "1"]
[TimeControl "900+5"]

1. Nf3 d5 2. g3 Nf6 3. Bg2 e6 4. O-O Be7 5. d4 O-O 6. c4 dxc4 7. Qc2 a6 8. a4 Bd7 9. Rd1 Bc6 10. Nc3 Qe8 11. e4 b5 12. Ne5 Bb7 13. Bf4 c5 14. d5 exd5 15. exd5 Bd6 16. Re1 Qd8 17. axb5 Bxe5 18. Bxe5 axb5 19. Rxa8 Bxa8 20. Nxb5 Qa5 21. Nc3 Nxd5 22. Qf5 Ne7 23. Qg4 Ng6 24. Bd6 Rd8 25. Bxa8 Qxa8 26. Bc7 Rf8 27. Qxc4 Qc6 28. Nd5 Na6 29. Ba5 h6 30. h4 h5 31. Qe4 Qb5 32. Bc3 Qb3 33. Qf5 Rd8 34. Nf6+ Kf8 35. Qxh5 Rd1 36. Rxd1 gxf6 37. Bxf6 Nc7 38. Rd8+ Ne8 39. Qh6+ Kg8 40. Qg7# 1-0

[Event "European Online Club-ch-B 2021"]
[Site "Online"]
[Date "2021.03.27"]
[Round "6.1"]
[White "Chlpik, Martin"]
[Black "Sorensen, Hampus"]
[Result "0-1"]
[ECO "D02"]
[WhiteElo "2199"]
[BlackElo "2395"]
[Annotator "NA"]
[PlyCount "76"]
[EventDate "2021.03.27"]
[EventType "team-tourn"]
[EventCountry "NET"]
[SourceTitle "playchess.com"]
[Source "ChessBase"]
[SourceQuality "1"]
[TimeControl "900+5"]

1. d4 d5 2. Bf4 Nf6 3. e3 c5 4. c3 Nc6 5. Nd2 e6 6. Ngf3 Be7 7. Bd3 Nh5 8. Be5 O-O 9. g4 Nf6 10. Qc2 g6 11. h4 c4 12. Be2 Nxg4 13. h5 Ngxe5 14. dxe5 g5 15. h6 Kh8 16. Rh5 Rg8 17. O-O-O Qc7 18. Rg1 g4 19. Nd4 Nxe5 20. Nb5 Qb8 21. f4 gxf3 22. Rxg8+ Kxg8 23. Nxf3 Ng6 24. Nbd4 b5 25. Nc6 Qc7 26. Nxe7+ Qxe7 27. Qd2 Rb8 28. Bd1 b4 29. Ne5 Qf6 30. Nc6 bxc3 31. Qxc3 Qxc3+ 32. bxc3 Rb7 33. Be2 Bd7 34. Nd4 f5 35. Kc2 Kf7 36. Rh1 Kf6 37. Nf3 e5 38. Rd1 Ba4+ 0-1

[Event "European Online Club-ch-B 2021"]
[Site "Online"]
[Date "2021.03.27"]
[Round "6.2"]
[White "Agrest, Inna"]
[Black "Solcan, Martin"]
[Result "1-0"]
[ECO "B35"]
[WhiteElo "2285"]
[BlackElo "2076"]
[Annotator "NA"]
[PlyCount "143"]
[EventDate "2021.03.27"]
[EventType "team-tourn"]
[EventCountry "NET"]
[SourceTitle "playchess.com"]
[Source "ChessBase"]
[SourceQuality "1"]
[TimeControl "900+5"]

1. e4 c5 2. Nf3 g6 3. d4 cxd4 4. Nxd4 Bg7 5. Nc3 Nc6 6. Be3 Nf6 7. Bc4 O-O 8. Bb3 a5 9. Ndb5 d6 10. O-O Ng4 11. Bf4 Bd7 12. a4 Nb4 13. h3 Ne5 14. Qe2 Rc8 15. Rad1 Bc6 16. Be3 Nd7 17. f4 Nc5 18. Na7 Nxe4 19. Nxe4 Bxe4 20. Nxc8 Qxc8 21. c3 Na6 22. Kh2 Kh8 23. Bd4 Qc6 24. Rfe1 f5 25. Bc2 e5 26. fxe5 dxe5 27. Bxe4 fxe4 28. Be3 Nc7 29. Rf1 Nd5 30. Rxf8+ Bxf8 31. Qf2 Kg8 32. Kh1 Bd6 33. Qd2 Nxe3 34. Qxe3 Bc5 35. Qg5 Qe6 36. Qd8+ Bf8 37. Rf1 Qe7 38. Qd5+ Kg7 39. Qxe4 b6 40. Re1 Kg8 41. Qxe5 Qd8 42. Qe6+ Kg7 43. Rf1 Qc7 44. Qd5 Bc5 45. Re1 Qg3 46. Qe5+ Qxe5 47. Rxe5 Kf6 48. Re8 Kf7 49. Rh8 h5 50. Rc8 Ke6 51. g3 Kd5 52. b3 Ke4 53. Rd8 Kf3 54. Rg8 Kxg3 55. Rxg6+ Kxh3 56. b4 axb4 57. cxb4 Bf2 58. a5 bxa5 59. bxa5 h4 60. a6 Bd4 61. Rg7 Bxg7 62. a7 Be5 63. a8=Q Kg4 64. Qg8+ Kf4 65. Kg2 Bf6 66. Kh3 Kf5 67. Qg4+ Ke5 68. Kg2 Kd6 69. Kf3 Ke7 70. Ke4 Kf7 71. Kf5 Be7 72. Qg6+ 1-0

[Event "European Online Club-ch-B 2021"]
[Site "Online"]
[Date "2021.03.27"]
[Round "6.3"]
[White "Lecky, Juraj"]
[Black "Rasti, Arvin"]
[Result "1/2-1/2"]
[ECO "B78"]
[WhiteElo "2070"]
[BlackElo "2195"]
[Annotator "NA"]
[PlyCount "75"]
[EventDate "2021.03.27"]
[EventType "team-tourn"]
[EventCountry "NET"]
[SourceTitle "playchess.com"]
[Source "ChessBase"]
[SourceQuality "1"]
[TimeControl "900+5"]

1. e4 c5 2. Nf3 d6 3. d4 cxd4 4. Nxd4 Nf6 5. Nc3 g6 6. Bc4 Bg7 7. f3 O-O 8. Be3 Nc6 9. Qd2 Bd7 10. O-O-O Rc8 11. Bb3 Ne5 12. Kb1 Nc4 13. Bxc4 Rxc4 14. g4 b5 15. h4 b4 16. Nd5 e6 17. Nxb4 Qb8 18. c3 Rfc8 19. Nb3 d5 20. g5 Nh5 21. Rc1 Qb5 22. Nd4 Qb7 23. exd5 exd5 24. Nb3 Bf5+ 25. Ka1 d4 26. Bxd4 Ng3 27. Rhe1 Qxf3 28. Bxg7 Kxg7 29. Qd6 Ne4 30. Qe5+ Kg8 31. Nd5 Rd8 32. Rxe4 Bxe4 33. Nf6+ Kf8 34. Nxh7+ Kg8 35. Nf6+ Kf8 36. Nh7+ Kg8 37. Nf6+ Kf8 38. Nh7+ 1/2-1/2

[Event "European Online Club-ch-B 2021"]
[Site "Online"]
[Date "2021.03.27"]
[Round "6.4"]
[White "Bjorklund, Thomas"]
[Black "Nikel, Rastislav"]
[Result "0-1"]
[ECO "A04"]
[WhiteElo "2174"]
[BlackElo "1984"]
[Annotator "NA"]
[PlyCount "114"]
[EventDate "2021.03.27"]
[EventType "team-tourn"]
[EventCountry "NET"]
[SourceTitle "playchess.com"]
[Source "ChessBase"]
[SourceQuality "1"]
[TimeControl "900+5"]

1. e4 c5 2. Nf3 d6 3. c3 Nf6 4. Qe2 Nc6 5. g3 g6 6. Bg2 Bg7 7. O-O O-O 8. Re1 Qc7 9. d4 cxd4 10. cxd4 Bg4 11. Qe3 e5 12. dxe5 dxe5 13. Nc3 Bxf3 14. Bxf3 Nd4 15. Bd1 b5 16. Ne2 Ng4 17. Qa3 b4 18. Qd3 Rad8 19. Nxd4 Rxd4 20. Qc2 Qd7 21. Qe2 Rd8 22. Bg5 Nf6 23. f3 h6 24. Be3 Rd6 25. Bc5 Rd2 26. Qf1 Rxb2 27. Bb3 Qc7 28. Rac1 Qa5 29. Be3 Bf8 30. Qc4 Rd7 31. Rcd1 Qc7 32. Qxc7 Rxc7 33. Rd8 g5 34. h4 Nh7 35. Bc1 Rb1 36. Rdd1 Bc5+ 37. Kg2 Bd4 38. hxg5 hxg5 39. Kh3 Kg7 40. Kg4 Nf6+ 41. Kxg5 Rcxc1 42. Rxc1 Rxc1 43. Rxc1 Be3+ 44. Kf5 Bxc1 45. Kxe5 Be3 46. Kf5 Nd7 47. e5 Nc5 48. Bd5 a5 49. g4 a4 50. Bc4 a3 51. f4 b3 52. axb3 a2 53. b4 a1=Q 54. bxc5 Qb1+ 55. Kg5 Qg6+ 56. Kh4 Bxf4 57. Bd3 Qh6# 0-1

[Event "European Online Club-ch-B 2021"]
[Site "Online"]
[Date "2021.03.27"]
[Round "6.5"]
[White "Brunner, Nicolas"]
[Black "Demidov, Mikhail"]
[Result "1/2-1/2"]
[ECO "E14"]
[WhiteElo "2418"]
[BlackElo "2523"]
[Annotator "ChessBase"]
[PlyCount "82"]
[EventDate "2021.03.27"]
[EventType "team-tourn"]
[EventCountry "NET"]
[SourceTitle "playchess.com"]
[Source "ChessBase"]
[SourceQuality "1"]
[TimeControl "900+5"]

1. d4 e6 2. Nf3 Nf6 3. c4 Bb4+ 4. Nbd2 O-O 5. a3 Bxd2+ 6. Qxd2 d6 7. b4 Qe7 8. Bb2 b6 9. e3 Bb7 10. Be2 Nbd7 11. O-O a5 12. Qc2 Be4 13. Qb3 Rfb8 14. Rfd1 h6 15. Ne1 c6 16. f3 Bh7 17. e4 d5 18. e5 Ne8 19. cxd5 cxd5 20. f4 Nf8 21. Nf3 Ng6 22. g3 Qa7 23. Rdc1 Ne7 24. b5 Rc8 25. a4 Rxc1+ 26. Rxc1 Rc8 27. Rxc8 Nxc8 28. Qc3 Qc7 29. Bd1 Qxc3 30. Bxc3 f6 31. Kf2 Kf7 32. g4 Ke7 33. Bb2 Kf7 34. Ba3 Ne7 35. Ke3 Bg6 36. h3 Bh7 37. Bb3 Nc7 38. Bd6 Ne8 39. Ba3 Nc7 40. Kd2 Be4 41. Ke3 Bh7 1/2-1/2

[Event "European Online Club-ch-B 2021"]
[Site "Online"]
[Date "2021.03.27"]
[Round "6.6"]
[White "Baltag, Iulian"]
[Black "Mathieu, Phileas"]
[Result "1/2-1/2"]
[ECO "A57"]
[WhiteElo "2393"]
[BlackElo "2240"]
[Annotator "NA"]
[PlyCount "141"]
[EventDate "2021.03.27"]
[EventType "team-tourn"]
[EventCountry "NET"]
[SourceTitle "playchess.com"]
[Source "ChessBase"]
[SourceQuality "1"]
[TimeControl "900+5"]

1. d4 Nf6 2. c4 c5 3. d5 b5 4. cxb5 a6 5. b6 e6 6. Nc3 Nxd5 7. Nxd5 exd5 8. Qxd5 Nc6 9. e4 Be7 10. Bc4 O-O 11. Nf3 Rb8 12. O-O Rxb6 13. Qh5 d6 14. Rd1 Be6 15. Bxe6 fxe6 16. Be3 Rxb2 17. Rac1 Rxa2 18. Bxc5 Ra5 19. Qg4 Qd7 20. h3 Kh8 21. Bd4 Bf6 22. Bxf6 gxf6 23. Rd2 Ne5 24. Nxe5 Rxe5 25. Rcd1 Rg8 26. Qf3 Qg7 27. Rxd6 f5 28. g3 fxe4 29. Qe3 a5 30. Rd7 Qg5 31. Qa7 Qg6 32. Qc7 Rg5 33. Qc3+ e5 34. Rc7 Qe6 35. h4 R5g7 36. Rc5 Qh3 37. Qxe5 e3 38. Rc2 exf2+ 39. Rxf2 Qxh4 40. Rd3 Qb4 41. Rd7 Qb1+ 42. Kh2 Qg6 43. Rff7 Qh6+ 44. Kg2 Qc6+ 45. Kh2 Qc2+ 46. Kh3 Qg6 47. Rxg7 Qh6+ 48. Kg2 Qxg7 49. Rxg7 Rxg7 50. Qxa5 h6 51. Qf5 Rg5 52. Qf7 Rg7 53. Qf6 Kh7 54. Kh3 Rg6 55. Qe7+ Rg7 56. Qe4+ Kh8 57. g4 Rg5 58. Kh4 Kg7 59. Qe7+ Kg6 60. Qf8 Kh7 61. Qf7+ Kh8 62. Kh3 Rg7 63. Qh5 Kh7 64. Kg3 Rg5 65. Qf7+ Rg7 66. Qf5+ Kg8 67. Kf4 Rf7 68. Ke5 Rxf5+ 69. Kxf5 Kf7 70. g5 hxg5 71. Kxg5 1/2-1/2

[Event "European Online Club-ch-B 2021"]
[Site "Online"]
[Date "2021.03.27"]
[Round "6.7"]
[White "Adrian, Leopold"]
[Black "Andriasyan, Siranush"]
[Result "0-1"]
[ECO "A18"]
[WhiteElo "2009"]
[BlackElo "2298"]
[Annotator "NA"]
[PlyCount "106"]
[EventDate "2021.03.27"]
[EventType "team-tourn"]
[EventCountry "NET"]
[SourceTitle "playchess.com"]
[Source "ChessBase"]
[SourceQuality "1"]
[TimeControl "900+5"]

1. c4 Nf6 2. Nc3 e6 3. e4 d6 4. d4 Be7 5. Nf3 O-O 6. Bd3 Nbd7 7. e5 dxe5 8. dxe5 Nc5 9. Bc2 Qxd1+ 10. Nxd1 Nfd7 11. O-O a5 12. b3 b6 13. Bb2 Bb7 14. Re1 Na6 15. a3 Rfd8 16. Nc3 Nf8 17. Rad1 Ng6 18. Nd4 Bc5 19. Ndb5 Nf4 20. Ne4 Be7 21. f3 Bc6 22. g3 Ng6 23. f4 h5 24. Nd4 Bb7 25. Kf2 h4 26. Nf3 Nc5 27. Neg5 hxg3+ 28. hxg3 a4 29. b4 Nb3 30. Bxg6 fxg6 31. Nxe6 Rxd1 32. Rxd1 c5 33. Rd7 Bxf3 34. Kxf3 Kf7 35. Nc7 Rd8 36. e6+ Kf8 37. Nd5 Rxd7 38. exd7 Nd2+ 39. Ke2 Nxc4 40. Bxg7+ Kf7 41. Be5 Bd8 42. Bc7 Bxc7 43. Nxc7 Ke7 44. Nd5+ Kxd7 45. Nxb6+ Nxb6 46. bxc5 Nc4 47. Kd3 Nxa3 48. g4 Nb5 49. Kc4 a3 50. f5 a2 51. Kxb5 a1=Q 52. c6+ Kc7 53. fxg6 Qb1+ 0-1

[Event "European Online Club-ch-B 2021"]
[Site "Online"]
[Date "2021.03.27"]
[Round "6.8"]
[White "Pillard, Valentin"]
[Black "Venard, Paul-Andre"]
[Result "1/2-1/2"]
[ECO "B34"]
[WhiteElo "2103"]
[BlackElo "2048"]
[Annotator "NA"]
[PlyCount "64"]
[EventDate "2021.03.27"]
[EventType "team-tourn"]
[EventCountry "NET"]
[SourceTitle "playchess.com"]
[Source "ChessBase"]
[SourceQuality "1"]
[TimeControl "900+5"]

1. e4 c5 2. Nf3 g6 3. d4 cxd4 4. Nxd4 Bg7 5. Nc3 Nc6 6. Nb3 Nf6 7. Be2 O-O 8. O-O a5 9. a4 Nb4 10. Bg5 d5 11. exd5 Nfxd5 12. Nxd5 Qxd5 13. Bxe7 Re8 14. Bxb4 Qxd1 15. Rfxd1 axb4 16. Bb5 Rf8 17. Nd4 Rd8 18. c3 Bd7 19. Bxd7 Rxd7 20. g3 Rad8 21. Rac1 bxc3 22. bxc3 Bxd4 23. cxd4 Rxd4 24. Rxd4 Rxd4 25. Rb1 Rxa4 26. Rxb7 h5 27. h4 Kg7 28. Kg2 Ra3 29. Rb6 Rc3 30. Ra6 Rb3 31. Rc6 Ra3 32. Rb6 Rc3 1/2-1/2

[Event "European Online Club-ch-B 2021"]
[Site "Online"]
[Date "2021.03.27"]
[Round "6.11"]
[White "Navara, David"]
[Black "Villegas, Pierre"]
[Result "1-0"]
[ECO "B12"]
[WhiteElo "2697"]
[BlackElo "2367"]
[Annotator "ChessBase"]
[PlyCount "75"]
[EventDate "2021.03.27"]
[EventType "team-tourn"]
[EventCountry "NET"]
[SourceTitle "playchess.com"]
[Source "ChessBase"]
[SourceQuality "1"]
[TimeControl "900+5"]

1. e4 c6 2. d4 d5 3. e5 Bf5 4. Nf3 e6 5. Be2 Ne7 6. O-O Nd7 7. Nbd2 h6 8. Nb3 Qc7 9. Bd2 g5 10. a4 a5 11. Ne1 Bg7 12. f4 gxf4 13. Nd3 Ng6 14. Nxf4 Nxf4 15. Rxf4 Bg6 16. Bh5 Nf8 17. Qf3 Bxh5 18. Qxh5 Ng6 19. Rf2 b6 20. Raf1 Ra7 21. Rxf7 Qxf7 22. Rxf7 Kxf7 23. Nc1 Rg8 24. Nd3 Bf8 25. Bxh6 Bxh6 26. Qxh6 Ke8 27. h4 Rag7 28. h5 Nf8 29. Nf4 Kd7 30. Qf6 Re7 31. h6 Nh7 32. Qh4 Rf7 33. Nh5 Rg6 34. Ng7 Ng5 35. Qh5 Nf3+ 36. Kh1 Rf4 37. gxf3 Rg3 38. Qe8+ 1-0

[Event "European Online Club-ch-B 2021"]
[Site "Online"]
[Date "2021.03.27"]
[Round "6.12"]
[White "Meylan, Andre"]
[Black "Sasikiran, Krishnan"]
[Result "0-1"]
[ECO "B85"]
[WhiteElo "2205"]
[BlackElo "2647"]
[Annotator "ChessBase"]
[PlyCount "110"]
[EventDate "2021.03.27"]
[EventType "team-tourn"]
[EventCountry "NET"]
[SourceTitle "playchess.com"]
[Source "ChessBase"]
[SourceQuality "1"]
[TimeControl "900+5"]

1. e4 c5 2. Nf3 d6 3. d4 cxd4 4. Nxd4 Nf6 5. Nc3 a6 6. a4 e6 7. Be2 Be7 8. O-O Nc6 9. Be3 O-O 10. f4 Qc7 11. Bf3 Re8 12. Kh1 Nd7 13. Qe2 Nxd4 14. Bxd4 b6 15. e5 Bb7 16. Bxb7 Qxb7 17. exd6 Bxd6 18. Ne4 Bf8 19. Rae1 Qc6 20. b3 b5 21. axb5 axb5 22. Qh5 h6 23. c3 Qd5 24. Qxd5 exd5 25. Ng3 Nc5 26. Rxe8 Rxe8 27. Rb1 Ne6 28. Be3 Bd6 29. f5 Ng5 30. Bd4 Ne4 31. Nxe4 Rxe4 32. f6 g5 33. Kg1 Kh7 34. Ra1 b4 35. h3 bxc3 36. Bxc3 Re3 37. Rc1 Bg3 38. b4 Rd3 39. b5 Bf4 40. Rc2 d4 41. Be1 Rd1 42. Kf2 d3 43. Rc8 d2 44. Bxd2 Rxd2+ 45. Kf3 Rb2 46. Rc5 Kg6 47. g3 Rb3+ 48. Ke4 Rxg3 49. h4 Rb3 50. hxg5 hxg5 51. Rd5 Rb4+ 52. Kf3 Kxf6 53. Kg4 Be5+ 54. Kf3 g4+ 55. Ke3 Ke6 0-1

[Event "European Online Club-ch-B 2021"]
[Site "Online"]
[Date "2021.03.27"]
[Round "6.13"]
[White "Grandelius, Nils"]
[Black "Gorodetzky, David"]
[Result "1/2-1/2"]
[ECO "B13"]
[WhiteElo "2663"]
[BlackElo "2495"]
[Annotator "ChessBase"]
[PlyCount "78"]
[EventDate "2021.03.27"]
[EventType "team-tourn"]
[EventCountry "NET"]
[SourceTitle "playchess.com"]
[Source "ChessBase"]
[SourceQuality "1"]
[TimeControl "900+5"]

1. e4 c6 2. d4 d5 3. exd5 cxd5 4. Bd3 Nf6 5. h3 Nc6 6. Nf3 g6 7. O-O Bg7 8. c3 Bf5 9. Be2 O-O 10. Bf4 Ne4 11. Nbd2 Nxd2 12. Qxd2 Re8 13. Bh6 Qd6 14. Rfe1 a6 15. Rad1 b5 16. Bxg7 Kxg7 17. Ne5 Rad8 18. Bg4 Nxe5 19. Rxe5 Bxg4 20. hxg4 f6 21. Re3 e5 22. dxe5 Rxe5 23. g3 Qe6 24. Rde1 h6 25. Qd4 Re8 26. a4 Re4 27. axb5 axb5 28. Qa7+ Re7 29. Qc5 g5 30. Rxe4 dxe4 31. Re3 Qd7 32. Qb4 Re5 33. Rxe4 Qd1+ 34. Kh2 Qf3 35. Rxe5 Qxf2+ 36. Kh3 Qf1+ 37. Kh2 Qf2+ 38. Kh3 Qf1+ 39. Kh2 Qf2+ 1/2-1/2

[Event "European Online Club-ch-B 2021"]
[Site "Online"]
[Date "2021.03.27"]
[Round "6.14"]
[White "Parkhov, Yair"]
[Black "Svane, Rasmus"]
[Result "1/2-1/2"]
[ECO "B11"]
[WhiteElo "2407"]
[BlackElo "2613"]
[Annotator "ChessBase"]
[PlyCount "163"]
[EventDate "2021.03.27"]
[EventType "team-tourn"]
[EventCountry "NET"]
[SourceTitle "playchess.com"]
[Source "ChessBase"]
[SourceQuality "1"]
[TimeControl "900+5"]

1. e4 c6 2. Nf3 d5 3. Nc3 dxe4 4. Nxe4 Nf6 5. Qe2 Nxe4 6. Qxe4 Qa5 7. b4 Qf5 8. Qc4 Qe6+ 9. Be2 Qxc4 10. Bxc4 Bf5 11. d3 e6 12. Bd2 Nd7 13. a4 Bg4 14. Ng5 Be7 15. Ne4 Bf5 16. O-O O-O 17. Ng3 Bg6 18. f4 Nb6 19. Bb3 Nd5 20. b5 Rfe8 21. Rae1 h5 22. bxc6 Bc5+ 23. Kh1 bxc6 24. Ne4 Be7 25. a5 Rab8 26. Ba4 Rec8 27. Rb1 Nb4 28. Rb3 c5 29. Rbb1 c4 30. Nf2 cxd3 31. cxd3 Nxd3 32. Nxd3 Bxd3 33. Rxb8 Rxb8 34. Rc1 Rb2 35. Be3 Be4 36. Bc6 Bxc6 37. Rxc6 Rb1+ 38. Bg1 Bf6 39. Rc4 Ra1 40. g3 Rxa5 41. Rc8+ Kh7 42. Rc7 Ra1 43. Kg2 a5 44. Rxf7 a4 45. Bc5 Rc1 46. Bd6 Rc6 47. Ba3 Rc3 48. Bd6 Rc6 49. Ba3 Rc2+ 50. Kh3 Bd4 51. Re7 Ra2 52. Bd6 Bg1 53. Kh4 Rxh2+ 54. Kg5 Bd4 55. Rxe6 Bf6+ 56. Kf5 Rh3 57. g4 hxg4 58. Kxg4 Rd3 59. Be5 Bxe5 60. Rxe5 a3 61. Ra5 Rb3 62. f5 Kg8 63. Ra7 Kf8 64. Kg5 Rg3+ 65. Kf4 Rc3 66. Kg5 Rg3+ 67. Kf4 Rb3 68. Kg5 Ke8 69. Kf4 Kd8 70. Rxg7 Rb4+ 71. Ke5 Ra4 72. Rg1 a2 73. Ra1 Ke7 74. Kd5 Kf6 75. Kc5 Kxf5 76. Kb5 Ra8 77. Kb4 Ke4 78. Kb3 Kd3 79. Rxa2 Rb8+ 80. Ka4 Ra8+ 81. Kb3 Rxa2 82. Kxa2 1/2-1/2

[Event "European Online Club-ch-B 2021"]
[Site "Online"]
[Date "2021.03.27"]
[Round "6.15"]
[White "Hansen, Sune Berg"]
[Black "Veinberg, Nimrod"]
[Result "1/2-1/2"]
[ECO "C54"]
[WhiteElo "2533"]
[BlackElo "2404"]
[Annotator "ChessBase"]
[PlyCount "78"]
[EventDate "2021.03.27"]
[EventType "team-tourn"]
[EventCountry "NET"]
[SourceTitle "playchess.com"]
[Source "ChessBase"]
[SourceQuality "1"]
[TimeControl "900+5"]

1. e4 e5 2. Nf3 Nc6 3. Bc4 Bc5 4. c3 Nf6 5. d3 d6 6. O-O h6 7. Re1 O-O 8. Nbd2 a5 9. Nf1 a4 10. Ng3 Ra5 11. a3 Be6 12. Bxe6 fxe6 13. d4 Bb6 14. h3 Qe8 15. Be3 Qg6 16. dxe5 Bxe3 17. Rxe3 Nxe5 18. Nxe5 Rxe5 19. Qxa4 Nd5 20. exd5 Rxe3 21. fxe3 Qxg3 22. Qe4 Qf2+ 23. Kh2 e5 24. Rb1 Qd2 25. c4 Rf2 26. Rg1 Qxb2 27. a4 b6 28. Qg4 Rf7 29. Qe6 Qf2 30. c5 bxc5 31. a5 Kh7 32. Qc8 Qa2 33. a6 Rf2 34. Kh1 Qxd5 35. a7 Ra2 36. Qf5+ Kh8 37. Qc8+ Kh7 38. Qf5+ Kh8 39. Qc8+ Kh7 1/2-1/2

[Event "European Online Club-ch-B 2021"]
[Site "Online"]
[Date "2021.03.27"]
[Round "6.16"]
[White "Zlatin, Alexander"]
[Black "Engel, Luis"]
[Result "0-1"]
[ECO "B22"]
[WhiteElo "2343"]
[BlackElo "2553"]
[Annotator "ChessBase"]
[PlyCount "72"]
[EventDate "2021.03.27"]
[EventType "team-tourn"]
[EventCountry "NET"]
[SourceTitle "playchess.com"]
[Source "ChessBase"]
[SourceQuality "1"]
[TimeControl "900+5"]

1. e4 c5 2. d4 cxd4 3. c3 Nf6 4. e5 Nd5 5. cxd4 d6 6. Nf3 Nc6 7. Bc4 dxe5 8. Bxd5 Qxd5 9. Nc3 Qd6 10. d5 Nd4 11. Nxd4 exd4 12. Qxd4 e5 13. Qd3 Bd7 14. O-O Be7 15. Ne4 Qg6 16. d6 Bc6 17. dxe7 Bxe4 18. Qh3 Kxe7 19. b3 f6 20. Ba3+ Kf7 21. Rac1 Rhd8 22. Rfd1 h5 23. f3 Bc6 24. Qg3 Rxd1+ 25. Rxd1 Qc2 26. Qe1 Qxa2 27. Qb4 Re8 28. Qc4+ Kg6 29. Bc5 e4 30. fxe4 Rxe4 31. Qd3 Kf7 32. Qh3 Qe2 33. Rf1 Re5 34. Bxa7 Rg5 35. g3 Qe4 36. Rf4 Qxf4 0-1